Map: King's Cove LE

Players

zuka

  • Race: Protoss Protoss
  • League: Master
  • Spawn Location: 11:00

Shoes - Winner!

  • Race: Protoss Protoss
  • League: Master
  • Spawn Location: 5:00

VOD

Have the link to the VOD?

Description

Time

  • Played on: July 2, 2019, 3:51 p.m.
  • Length: 2:16
Show
View Real Time Build Order
Export as new Build Order

zuka Protoss 

Build Orders:  

Get SALT Encoding   

  12  0:01  Probe  
  13  0:13  Probe  
  14  0:18  Pylon  
  14  0:23  Probe  
  15  0:32  Probe  
  15  0:40  Forge  
  16  1:01  Pylon  
  16  1:02  Pylon  
  16  1:04  Pylon  
  16  1:21  Photon Cannon  
  16  1:25  Pylon  
  16  1:39  Pylon  
Show
View Real Time Build Order
Export as new Build Order

Shoes Protoss - Winner!

Build Orders:  

Get SALT Encoding   

  12  0:01  Probe  
  13  0:13  Probe  
  14  0:19  Pylon  
  14  0:25  Probe  
  15  0:35  Probe  
  15  0:41  Gateway  
  16  0:43  Probe  
  16  0:49  Assimilator  
  17  0:51  Probe  
  18  0:59  Assimilator  
  18  1:03  Probe  
  19  1:17  Probe  
  20  1:19  Zealot  
  22  1:52  Probe  
  23  2:11  Gateway  
Tags
 
Matchup
PvP
Spawn Locations
Cross Positions
Add a new tag
Caveats
  • Supply blocks, unpowered buildings, or Contaminate may cause inaccurate times.
  • Supply counts are checked every 10 seconds.